 Dungeon Crawl Stone Soup version 0.27.1-33-g824d729ab1 (webtiles) character file.

Game seed: 4976724836467381235

28 Karpo the Digger (level 3, -1/19 HPs)
             Began as a Gargoyle Earth Elementalist on Dec 30, 2021.
             Slain by an orc (2 damage)
             ... on level 3 of the Dungeon.
             The game lasted 00:03:53 (953 turns).

Karpo the Digger (Gargoyle Earth Elementalist)       Turns: 953, Time: 00:03:55

Health: -1/19      AC:  5    Str: 11    XL:     3   Next: 14%
Magic:  4/7        EV: 11    Int: 16    God:
Gold:   32         SH:  0    Dex: 10    Spells: 6/7 levels left

rFire    . . .     SeeInvis .   i - +0 whip
rCold    . . .     Faith    .   (no shield)
rNeg     + . .     Spirit   .   b - +0 robe
rPois    ∞         Reflect  .   (no helmet)
rElec    +         Harm     .   (no cloak)
rCorr    .         Rampage  .   (no gloves)
Will     .....                  (no boots)
Stlth    ++........             (no amulet)
HPRegen  0.06/turn              (no ring)
MPRegen  0.10/turn              (no ring)

@: no status effects
A: sickness immunity, AC +3, negative energy resistance 1, electricity
resistance, torment resistance 1, petrification resistance
a: no special abilities


You were on level 3 of the Dungeon.
You visited 1 branch of the dungeon, and saw 3 of its levels.

You collected 32 gold pieces.

Inventory:

Hand Weapons
 i - a +0 whip (weapon)
 j - a +0 hand axe
Missiles
 a - 2 throwing nets
 c - 22 stones
Armour
 b - a +0 robe (worn)
Scrolls
 d - a scroll of identify {unknown}
 e - a scroll of enchant armour {unknown}
 h - a scroll of enchant weapon {unknown}
Potions
 f - a potion of flight {unknown}
 g - 2 potions of curing {unknown}


   Skills:
 - Level 1.5 Dodging
 - Level 2.1 Stealth
 + Level 2.7 Spellcasting
 - Level 0.7 Transmutations
 + Level 4.4 Earth Magic


You had 6 spell levels left.
You knew the following spells:

 Your Spells              Type           Power      Damage    Failure   Level
a - Sandblast             Erth           32%        2d9       3%          1

Your spell library contained the following spells:

 Spells                   Type           Power      Damage    Failure   Level
 Passwall                 Tmut/Erth      8%         N/A       10%         2
 Stone Arrow              Conj/Erth      18%        3d8       24%         3
 Petrify                  Tmut/Erth      10%        N/A       54%         4


Dungeon Overview and Level Annotations

Branches:
Dungeon (3/15)

Altars:

Shops:
D:1 [


Innate Abilities, Weirdness & Mutations

You are immune to sickness and miasma.
Your stone body is resilient. (AC +3)
You are immune to poison.
You resist negative energy. (rN+)
You are resistant to electric shocks. (rElec)
You are resistant to unholy torment.
You are immune to petrification.


Message History

You see here 7 gold pieces.
You now have 32 gold pieces (gained 7).
The orc hits you but does no damage. The frilled lizard bites you.
The orc hits you but does no damage. The frilled lizard barely misses you.
You closely miss the orc. The orc closely misses you.
The frilled lizard misses you. The orc closely misses you.
The frilled lizard completely misses you.
You closely miss the orc. The frilled lizard bites you.
The orc hits you but does no damage.
You closely miss the orc. The frilled lizard bites you.
The orc closely misses you.
You hit the orc.
The orc is severely wounded.
The frilled lizard bites you. The orc hits you with a +0 club.
The frilled lizard closely misses you.
You barely miss the orc.
The orc is severely wounded.
The orc barely misses you.
The frilled lizard bites you but does no damage.
Casting: Sandblast (safe; 3% risk of failure)
Confirm with . or Enter, or press ? or * to list all spells.
Aiming: Sandblast (safe; 3% risk of failure)
Press: ? - help, Shift-Dir - straight line, f - frilled lizard
Aim: a frilled lizard (66% to hit)
The blast of sand hits the frilled lizard!
You kill the frilled lizard!
The orc hits you with a +0 club.
* * * LOW HITPOINT WARNING * * *
The orc hits you with a +0 dagger.
* * * LOW HITPOINT WARNING * * *
Casting: Sandblast (safe; 3% risk of failure)
Confirm with . or Enter, or press ? or * to list all spells.
Aiming: Sandblast (safe; 3% risk of failure)
Press: ? - help, Shift-Dir - straight line, f - orc
Aim: an orc, wielding a +0 dagger and wearing a +0 ring mail (82% to hit)
The blast of sand hits the orc but does no damage.
The orc hits you with a +0 club.
* * * LOW HITPOINT WARNING * * *
The orc hits you with a +0 dagger.
You die...

#############.##
#....
#...o..........#
#....
#.###########.†#
#.... #.# #...# #.##
#.... #o# #...# #.#
#.... #.# #...#
#######.... #o# #...#
#.....#.. #.# #...#
#....... #o#
##@..####.....# #.#
#oo..#........#
#.###o####........#
#.......o.o.......###
#####.####..........#
#.# ####.#####.###
#.# #.# #...# #.# #.#
#o... #.# #.# #.###


You could see 3 orcs.

Vanquished Creatures
  An adder (D:2)
  A dart slug (D:3)
  4 bats
  2 endoplasms (D:1)
  2 goblins
  2 hobgoblins
  A quokka (D:3)
  A frilled lizard (D:3)
  A kobold (D:1)
  3 rats (D:1)
18 creatures vanquished.

Notes
Turn   | Place    | Note
-------+----------+-------------------------------------------
     0 | D:1      | Karpo the Gargoyle Earth Elementalist began the quest for
                  | the Orb.
     0 | D:1      | Reached XP level 1. HP: 10/10 MP: 3/3
   175 | D:1      | Found Vuwkeam's Antique Armour Boutique.
   343 | D:1      | Reached XP level 2. HP: 10/15 MP: 5/5
   449 | D:1      | Reached skill level 4 in Earth Magic
   822 | D:3      | Reached XP level 3. HP: 18/19 MP: 4/6
   953 | D:3      | Slain by an orc

Illustrated notes

Levels and vault maps discovered:
D:1:      psy_arrival_radial02, layout_basic, serial_shops, nicolae_shop_stone,
          hellmonk_ecumenical_altar_prayer_group
D:2:      layout_basic, uniq_robin
D:3:      layout_rooms, serial_co_window_serial, co_window_paths_a,
          co_window_paths_a, co_window_of_opportunity_a, co_window_corner_a,
          co_window_paths_a, co_window_corner_a, co_window_corner_a,
          co_window_of_opportunity_b, co_window_of_opportunity_c,
          co_window_unsneaky_path_e, co_window_2corner,
          co_window_unsneaky_path_b, co_window_unsneaky_path_a,
          co_window_corner_ca, co_window_sun, glass_columns_a, glass_columns_a,
          serial_shops, shop

Skill      XL: |  1  2 |
---------------+-------+-----
Earth Magic    | 4 |  4.4
Dodging        | |  1.5
Stealth        | |  2.1
Spellcasting   | |  2.7
Transmutations | |  0.7

Action                   || total
-------------------------++-------
Melee: Whip              ||    31
 Cast: Sandblast         ||    19
Armor: Robe              ||    22
Dodge: Dodged            ||    29
